 Dungeon Crawl Stone Soup version 0.25-a0-667-gb977e01cb5 (webtiles) character file.

Game seed: 16087657415097628432, levelgen mode: deterministic

13 kae the Gusty (level 2, -1/15 HPs)
             Began as a Tengu Air Elementalist on Mar 27, 2020.
             Slain by a hobgoblin
             ... wielding a +0 club
              (2 damage)
             ... on level 1 of the Dungeon.
             The game lasted 00:00:17 (218 turns).

kae the Gusty (Tengu Air Elementalist)               Turns: 218, Time: 00:00:18

Health: -1/15      AC:  2    Str:  8    XL:     2   Next: 37%
Magic:  3/6        EV: 12    Int: 15    God:
Gold:   21         SH:  0    Dex: 14    Spells: 4/5 levels left

rFire    . . .     SeeInvis .   (no weapon)
rCold    . . .     Gourm    .   (no shield)
rNeg     . . .     Faith    .   a - +0 robe
rPois    .         Spirit   .   (helmet restricted)
rElec    .         Reflect  .   (no cloak)
rCorr    .         Harm     .   (no gloves)
MR       .....                  (boots unavailable)
Stlth    ++........             (no amulet)
HPRegen  0.05/turn              (no ring)
MPRegen  0.10/turn              (no ring)

@: no status effects
A: beak, talons 3
a: no special abilities


You were on level 1 of the Dungeon.
You were not hungry.

You visited 1 branch of the dungeon, and saw 1 of its levels.

You collected 21 gold pieces.

Inventory:

Armour
 a - a +0 robe (worn)
Comestibles
 b - a chunk of flesh
 c - a ration


   Skills:
 - Level 2.1 Dodging
 - Level 2.0 Stealth
 + Level 2.2 Spellcasting
 * Level 2.4 Conjurations
 + Level 4.2 Air Magic


You had 4 spell levels left.
You knew the following spells:

 Your Spells              Type           Power        Failure   Level  Hunger
a - Shock                 Conj/Air       ##..         5%          1    #......

Your spell library contained the following spells:

 Spells                   Type           Power        Failure   Level  Hunger
 Swiftness                Chrm/Air       #.......     14%         2    ###....
 Static Discharge         Conj/Air       ##......     16%         3    ###....
 Airstrike                Air            ##........   36%         4    #####..
 Lightning Bolt           Conj/Air       ##........   83%         5    ######.


Dungeon Overview and Level Annotations

Branches:
Dungeon (1/15)

Altars:


Innate Abilities, Weirdness & Mutations

You have a beak for a mouth.
You have claws for feet.


Message History

Aim: a hobgoblin, wielding a +0 club (moderately wounded)
The zap hits the hobgoblin.
The hobgoblin is heavily wounded.
A goblin comes into view. It is wielding a +0 dagger.
The hobgoblin hits you with a +0 club.
* * * LOW HITPOINT WARNING * * *
You are too injured to fight recklessly!
You are too injured to fight recklessly!
There are monsters nearby!
A rat comes into view.
You see here a rat skeleton.
Casting: Shock (safe; 5% risk of failure)
Confirm with . or Enter, or press ? or * to list all spells.
Aiming: Shock (safe; 5% risk of failure)
Press: ? - help, Shift-Dir - straight line, f/p - hobgoblin
Aim: a hobgoblin, wielding a +0 club The zap hits the hobgoblin.
The hobgoblin is moderately wounded.
The hobgoblin hits you with a +0 club.
You die...

...†..........##..##..##..
##...........### ........
.##g...†...)...# .........
.....^.........#
.#........
.......###.##### #########
##.##..#.#.# #...... #
#..#.#÷#.# ####.#####
#..#.#g#.# #.........
#..#.#@#.# ###.########
####.#.#.. #..........
#...#.###.#####.###
###.#.#...#...#
#.#.#.###.#.###
#...#.....#...#
###.###.<.###.###
#...#.....#...#
###.#.###.#.#.#


You could see a hobgoblin.

Vanquished Creatures
  4 bats (D:1)
  A giant cockroach (D:1)
  A goblin (D:1)
  2 hobgoblins (D:1)
  A frilled lizard (D:1)
  3 rats (D:1)
12 creatures vanquished.

Notes
Turn   | Place    | Note
-------+----------+-------------------------------------------
     0 | D:1      | kae the Tengu Air Elementalist began the quest for the Orb.
     0 | D:1      | Reached XP level 1. HP: 10/10 MP: 4/4
    59 | D:1      | Reached XP level 2. HP: 11/15 MP: 1/6
   218 | D:1      | Slain by a hobgoblin

Levels and vault maps discovered:
D:1:      psy_arrival_radial02, layout_rooms, minmay_misc_feat_nine_boxes,
          minmay_misc_feat_square, minmay_door_square, minmay_misc_feat_roman,
          st_stairs_5

Skill      XL: |  1 |
---------------+----+-----
Conjurations   | 2 |  2.4
Dodging        | |  2.1
Stealth        | |  2.0
Spellcasting   | |  2.2
Air Magic      | |  4.2

Action                   || total
-------------------------++-------
Melee: Unarmed           ||    17
       Peck              ||     3
       Kick              ||     3
 Cast: Shock             ||    14
Armor: Robe              ||     3
Dodge: Dodged            ||    15

Table legend:
 A = Non-vault XP
 B = Vault XP
 C = Vault XP percentage of total XP
 D = Non-vault monster count
 E = Vault monster count
 F = Vault count percentage of total count
                 A         B        C        D         E       F
            +---------+---------+-------+---------+---------+-------
      Total |      16 |       3 |  15.8 |      10 |       2 |  16.7
            +---------+---------+-------+---------+---------+-------
        D:1 |      16 |       3 |  15.8 |      10 |       2 |  16.7
            +---------+---------+-------+---------+---------+-------
